cohdb
Replays
Latest Replays
All Replays
Popular Replays
Top Player Replays
Match Explorer
How It Works
Community
CoH3 Stats
Reddit
Sign in to upload your games and track your stats! →
Sign in with Steam
Match 42836588
Unlisted
Match 42836588
Overview
Messages
Build Orders
End
Construct Section Command Post
Vickers Machine Gun Team
Dingo Light Scout Car
Infantry Section
Infantry Section
Construct Platoon Command Post
CMP 15cwt Truck
6-pounder Anti-tank Gun Team
Infantry Section
Infantry Training
Construct Company Command Post
Royal Engineer Section
Selects Heavy Armor Battlegroup
Selects Rigorous Vehicle Training
Selects Forward Repair Assembly
Matilda II Heavy Tank
Foot Guards Section
Armored Vehicle Training
Grenade Package
Selects Churchill Black Prince Heavy Tank
Churchill Black Prince Heavy Tank
VLKㆍGkost
Funny mad pee
kirito
Benee
jawdar.al.maghreb
Valar[M]orgHulis
GREATSWORD FOR THE LIFE
PeinttariSix
0
0
Comments
sign in to comment!
No comments posted yet!